 Dungeon Crawl Stone Soup version 0.30.1 (webtiles) character file.

Game seed: 575014654099551272

10799 Graphine the Cleaver (level 11, -5/99 HPs)
             Began as a Hill Orc Fighter on July 3, 2023.
             Was an Elder of Makhleb.
             Slain by Snorg (18 damage)
             ... on level 11 of the Dungeon.
             The game lasted 00:18:24 (12152 turns).

Graphine the Cleaver (Hill Orc Fighter)            Turns: 12152, Time: 00:18:25

Health: -5/99      AC: 19    Str: 24    XL:     11   Next: 67%
Magic:  20/20      EV: 12    Int:  8    God:    Makhleb [****..]
Gold:   710        SH:  0    Dex: 12    Spells: 10/10 levels left

rFire   . . .        h - +5 battleaxe of the Heart {vamp, Dex+2}
rCold   . . .        (shield currently unavailable)
rNeg    . . .        m - +3 plate armour
rPois   .            I - +0 helmet
rElec   .            (no cloak)
rCorr   .            q - +0 pair of gloves
SInv    .            (no boots)
Will    +....        (no amulet) Stlth
                     E - +5 ring of evasion
HPRegen 0.36/turn    L - ring of willpower
MPRegen 0.17/turn

%: no passive effects
@: mighty
A: no striking features
a: Renounce Religion, Minor Destruction, Lesser Servant of Makhleb, Major
Destruction


You were on level 11 of the Dungeon.
You worshipped Makhleb.
Makhleb was greatly pleased with you.
You visited 1 branch of the dungeon, and saw 11 of its levels.
You also visited: Sewer.

You collected 710 gold pieces.

Inventory:

Hand Weapons
 a - a +1 war axe
 h - the +5 battleaxe of the Heart (weapon) {vamp, Dex+2}
   (You found it on level 11 of the Dungeon)

   Dex:       It affects your dexterity (+2).
 n - a +1 dagger of chaos
 s - a +2 dagger of venom
 J - a +4 dire flail of freezing
Missiles
 P - 5 throwing nets
Armour
 b - a +0 scale mail
 c - a +0 buckler
 m - a +3 plate armour (worn)
 q - a +0 pair of gloves (worn)
 I - a +0 helmet (worn)
Jewellery
 l - a ring of positive energy
 o - a ring of positive energy
 r - a ring of wizardry
 E - a +5 ring of evasion (left hand)
 G - an amulet of magic regeneration
 K - a ring of poison resistance
 L - a ring of willpower (right hand)
 M - a +6 ring of strength
Wands
 t - a wand of roots (6)
 y - a wand of charming (10)
 B - a wand of flame (25)
 F - a wand of digging (8)
Scrolls
 g - 4 scrolls of enchant weapon
 w - a scroll of fog
 x - a scroll of silence
 A - 3 scrolls of teleportation
 D - 3 scrolls of fear
 N - a scroll of identify
 O - a scroll of poison {unknown}
Potions
 d - a potion of might
 e - 3 potions of haste
 f - 6 potions of curing
 i - 2 potions of berserk rage {unknown}
 j - a potion of heal wounds
 k - 3 potions of degeneration
 p - 2 potions of mutation {unknown}
 u - 7 potions of flight
 v - a potion of attraction {unknown}
 z - a potion of experience {unknown}
 C - a potion of brilliance {unknown}
 H - 3 potions of lignification {unknown}


   Skills:
 + Level 9.7 Fighting
 * Level 14.0 Axes
 + Level 8.9 Armour
 - Level 3.5 Shields
 * Level 13.1 Invocations


You had 10 spell levels left.
You didn't know any spells.
Your spell library contained the following spells:

 Spells                   Type           Power      Damage    Failure   Level
 Magic Dart               Conj           0%         1d3       99%         1
 Slow                     Hex            0%         N/A       99%         1
 Call Imp                 Summ           0%         N/A       100%        2
 Confusing Touch          Hex            0%         N/A       100%        3
 Dazzling Flash           Conj/Hex       0%         N/A       100%        3
 Frozen Ramparts          Ice            0%         1d1       100%        3
 Mephitic Cloud           Conj/Pois/Air  0%         N/A       100%        3
 Vampiric Draining        Necr           0%         2d6       100%        3
 Ice Form                 Ice/Tmut       0%         N/A       100%        4
 Summon Ice Beast         Ice/Summ       0%         N/A       100%        4
 Summon Lightning Spire   Summ/Air       0%         N/A       100%        4
 Agony                    Necr           0%         N/A       100%        5
 Silence                  Hex/Air        0%         N/A       100%        5
 Storm Form               Tmut/Air       0%         N/A       100%        7
 Maxwell's Capacitive Co  Air            0%         ∞         100%        8


Dungeon Overview and Level Annotations

Branches:
Dungeon (11/15)            Temple (0/1) D:5            Lair (0/5) D:8
    Orc (0/2) D:9           Sewer (visited)

Altars:
Ashenzari
Cheibriados
Elyvilon
Fedhas
Gozag
Hepliaklqana
Kikubaaqudgha
Makhleb
Okawaru
Ru
Trog
Uskayaw
Vehumet
Xom
Zin
The Shining One

Shops:
D:8 *   D:10 !

Annotations:
D:11 Snorg


Message History

You are too injured to fight recklessly!
You are too injured to fight recklessly!
You are too injured to fight recklessly!
Cleave: h) +5 battleaxe of the Heart {vamp, Dex+2}
Press: ? - help, Dir - move target, f - Snorg
Aim: Snorg (lightly wounded, berserk, about 32% to evade the +5 battleaxe of the Heart)
You slash Snorg!
You feel better.
Snorg is moderately wounded.
Snorg bites you! Snorg claws you but does no damage. x2
Cleave: h) +5 battleaxe of the Heart {vamp, Dex+2}
Press: ? - help, Dir - move target, f/p - Snorg
Aim: Snorg (moderately wounded, berserk, about 32% to evade the +5 battleaxe of the Heart)
You slash Snorg!
Snorg is moderately wounded.
Snorg bites you!!
* * * LOW HITPOINT WARNING * * *
Snorg barely misses you. Snorg claws you but does no damage.
Snorg bites you but does no damage. Snorg claws you.
* * * LOW HITPOINT WARNING * * *
Snorg claws you but does no damage.
You hear an angry hiss.
Okay, then.
You feel much better. Snorg bites you but does no damage. Snorg claws you.
Snorg claws you!
* * * LOW HITPOINT WARNING * * *
You feel much better. Snorg bites you! Snorg misses you. Snorg claws you.
* * * LOW HITPOINT WARNING * * *
Snorg bites you!!
* * * LOW HITPOINT WARNING * * *
Snorg claws you.
* * * LOW HITPOINT WARNING * * *
Snorg claws you but does no damage.
You feel much better. Snorg bites you. Snorg claws you.
* * * LOW HITPOINT WARNING * * *
Snorg closely misses you.
You feel very mighty all of a sudden. Snorg bites you!
* * * LOW HITPOINT WARNING * * *
Snorg claws you!!
You die...

.....x..#
#.#
........K#
#.#
..........
#.#
.........C
#.#
.###......
## #.# #
#..... #..
#.# #....
.l# #.#
#T####.#
#@.##.# .
#..##.#
....##'##.#
#........#
##########


You could see Snorg (berserk) and a wyvern.

Vanquished Creatures
  Harold (D:11)
  3 two-headed ogres
  2 manticores
  A cyclops (D:11)
  2 gargoyles (D:11)
  Psyche (D:10)
  A troll (D:9)
  Prince Ribbit (D:6)
  3 shadows
  A wyvern (D:10)
  A water elemental (D:11)
  6 yaks (D:9)
  2 vampire mosquitoes (D:10)
  An orc warrior (D:7)
  2 ice beasts
  A sky beast (D:5)
  3 black bears (D:8)
  8 centaurs
  2 kobold brigands
  A phantom (D:4)
  10 bullfrogs
  3 scorpions
  12 wights
  A howler monkey (D:9)
  2 electric eels (D:11)
  A crimson imp (D:3)
  4 hounds
  4 orc priests
  2 jellies
  An iron imp (D:6)
  Jessica (D:3)
  3 sleepcaps
  7 iguanas
  Natasha (thrice) (D:3)
  6 orc wizards
  7 river rats (Sewer)
  13 adders
  A shadow imp (D:6)
  A white imp (D:6)
  2 ufetubi
  A worm (Sewer)
  4 dart slugs
  26 orcs
  12 bats
  10 endoplasms
  5 giant cockroaches
  11 goblins
  6 hobgoblins
  13 jackals
  11 kobolds
  8 quokkas
  17 ball pythons
  2 frilled lizards (D:1)
  12 rats
265 creatures vanquished.

Notes
Turn   | Place    | Note
-------+----------+-------------------------------------------
     0 | D:1      | Graphine the Hill Orc Fighter began the quest for the Orb.
     0 | D:1      | Reached XP level 1. HP: 19/19 MP: 1/1
    48 | D:1      | Reached skill level 3 in Axes
    51 | D:1      | Reached XP level 2. HP: 27/27 MP: 2/2
   389 | D:1      | Reached XP level 3. HP: 29/33 MP: 3/3
  1073 | D:2      | Reached skill level 4 in Axes
  1203 | D:2      | Found a faded altar of an unknown god.
  1853 | D:3      | Reached XP level 4. HP: 24/40 MP: 4/4
  1940 | D:3      | Found a burning altar of Makhleb.
  1940 | D:3      | Found a shimmering altar of Xom.
  1950 | D:3      | Became a worshipper of Makhleb the Destroyer
  1962 | D:3      | Reached skill level 1 in Invocations
  1962 | D:3      | Reached XP level 5. HP: 17/47 MP: 5/5
  2144 | D:3      | Noticed Natasha
  2150 | D:3      | Killed Natasha
  2151 | D:3      | Reached skill level 5 in Axes
  2202 | D:3      | Noticed Natasha
  2233 | D:3      | Noticed Jessica
  2240 | D:3      | Killed Jessica
  2245 | D:3      | Killed Natasha
  2458 | D:3      | Reached XP level 6. HP: 53/53 MP: 7/7
  2467 | D:3      | Reached * piety under Makhleb
  2468 | D:3      | Noticed Natasha
  2474 | D:3      | Killed Natasha
  2915 | D:4      | Found an ancient bone altar of Kikubaaqudgha.
  3064 | D:4      | Reached skill level 5 in Fighting
  3064 | D:4      | Reached skill level 6 in Axes
  3127 | D:4      | Reached XP level 7. HP: 61/61 MP: 9/9
  4085 | D:5      | Entered Level 5 of the Dungeon
  4159 | D:5      | You fall into a shaft and drop 2 floors!
  4205 | D:7      | Reached skill level 7 in Axes
  4253 | D:7      | Found a blossoming altar of Fedhas.
  4272 | D:6      | Reached skill level 5 in Armour
  4283 | D:5      | Reached skill level 5 in Invocations
  4295 | D:5      | Reached XP level 8. HP: 37/70 MP: 10/12
  4320 | D:5      | Found a glowing drain.
  4333 | Sewer    | Entered a sewer
  4436 | Sewer    | Reached ** piety under Makhleb
  5307 | D:5      | Reached skill level 8 in Axes
  5520 | D:5      | Found a staircase to the Ecumenical Temple.
  5820 | D:5      | Found a sacrificial altar of Ru.
  6115 | D:6      | Found a white marble altar of Elyvilon.
  6172 | D:6      | Noticed Prince Ribbit
  6198 | D:6      | Killed Prince Ribbit
  6199 | D:6      | Reached skill level 9 in Axes
  6199 | D:6      | Reached XP level 9. HP: 34/78 MP: 14/14
  6652 | D:6      | Found a snail-covered altar of Cheibriados.
  6761 | D:6      | Identified the +6 short sword of Laceration {freeze,
                  | Fragile rPois Dex+5}
  6853 | D:6      | Reached *** piety under Makhleb
  7517 | D:7      | Found a hazy altar of Hepliaklqana.
  7924 | D:8      | Noticed a +0 dagger
  7931 | D:8      | Found a hide-covered altar of Uskayaw.
  7932 | D:8      | Noticed a +0 short sword
  7933 | D:8      | Noticed a +0 spear
  7957 | D:8      | Reached skill level 10 in Axes
  8007 | D:8      | Noticed a +0 dagger
  8007 | D:8      | Noticed a +0 short sword
  8009 | D:8      | Noticed a +0 falchion
  8014 | D:8      | Noticed a +0 falchion
  8015 | D:8      | Noticed a +0 spear
  8080 | D:8      | Found a staircase to the Lair.
  8100 | D:8      | Noticed a two-headed ogre
  8223 | D:8      | Killed a two-headed ogre
  8224 | D:8      | Reached skill level 11 in Axes
  8224 | D:8      | Reached XP level 10. HP: 18/88 MP: 15/17
  8515 | D:8      | Reached skill level 10 in Invocations
  8546 | D:8      | Found a radiant altar of Vehumet.
  8684 | D:8      | Found a glowing golden altar of the Shining One.
  8877 | D:8      | Found Zegem's Overcharged Wands.
  9022 | D:8      | Found a broken altar of Ashenzari.
  9423 | D:9      | Noticed a manticore
  9434 | D:9      | Killed a manticore
  9579 | D:9      | Reached skill level 12 in Axes
  9658 | D:9      | Found a bloodstained altar of Trog.
  9685 | D:9      | Reached **** piety under Makhleb
 10093 | D:9      | Found a glowing silver altar of Zin.
 10093 | D:9      | Found an opulent altar of Gozag.
 10124 | D:9      | Found a staircase to the Orcish Mines.
 10168 | D:10     | Entered Level 10 of the Dungeon
 10255 | D:10     | Found an iron altar of Okawaru.
 10260 | D:10     | Identified the +3 leather armour "Wurgh" {Dex+2 SInv}
 10276 | D:10     | Reached XP level 11. HP: 75/95 MP: 19/19
 10448 | D:10     | Reached skill level 13 in Axes
 10608 | D:10     | Noticed Psyche
 10612 | D:10     | Killed Psyche
 10929 | D:10     | Found Hosettusk's Distillery.
 11103 | D:11     | Noticed a manticore
 11103 | D:11     | Noticed a manticore
 11103 | D:11     | Noticed a cyclops
 11147 | D:11     | Identified the +5 battleaxe of the Heart {vamp, Dex+2}
 11426 | D:11     | Noticed a two-headed ogre
 11434 | D:11     | Killed a two-headed ogre
 11572 | D:11     | Noticed a manticore
 11576 | D:11     | Noticed Harold
 11584 | D:11     | Killed a manticore
 11598 | D:11     | Killed Harold
 11801 | D:11     | Noticed a two-headed ogre
 11807 | D:11     | Killed a two-headed ogre
 12139 | D:11     | Noticed a cyclops
 12140 | D:11     | Noticed Snorg
 12145 | D:11     | Killed a cyclops
 12146 | D:11     | Reached skill level 14 in Axes
 12152 | D:11     | Slain by Snorg

Illustrated notes

Levels and vault maps discovered:
D:1:      dpeg_arrival_subterranean_lakeside_camping, layout_basic
D:2:      layout_loops_corners, ebering_ecumenical_altar_hall
D:3:      layout_loops_ring, grunt_temple_overflow_champion_of_chaos,
          uniq_natasha, uniq_jessica
D:4:      wander_river, layout_basic, general_overflow_altar,
          grunt_decor_junction
D:5:      layout_loops_corners, marbit_many_paths,
          minmay_temple_entry_mini_moons, portal_sewer_entry_b
D:6:      layout_loops_corners, elyvilon_altar_1, slow_altar_2, st_stairs_11,
          serial_bayou_pond_e, uniq_prince_ribbit1
D:7:      layout_loops_ring, fedhas_altar_1,
          mainiacjoe_overflow_surrounded_room, nicolae_sextant
D:8:      layout_basic, ashenzari_altar_1, mainiacjoe_overflow_two_lobes,
          nicolae_uskayaw_en_pointe, due_lair_maze_entry_diamond,
          nicolae_shop_overcharged_wands
D:9:      layout_basic, grunt_temple_overflow_gold_and_silver,
          mainiacjoe_overflow_brackets, orc_0_dummy, kennysheep_generic_room_4
D:10:     layout_loops_ring, kennysheep_little_box, serial_shops, shop,
          uniq_psyche
D:11:     minmay_s_stair_smasher, layout_basic, uniq_harold, uniq_snorg

Skill      XL: |  1  2  3  4  5  6  7  8  9 10 11 |
---------------+----------------------------------+-----
Axes           | 3 4 5 6 7 9 11 12 14 | 14.0
Fighting       | 4 5 6 7 8 9 |  9.7
Armour         | 4 5 6 7 8 |  8.9
Invocations    | 1 2 3 5 7 9 11 13 | 13.1
Shields        | |  3.5

Action                     |  1- 3 |  4- 6 |  7- 9 | 10-12 || total
---------------------------+-------+-------+-------+-------++-------
  Melee: War axe           |   112 |   105 |   245 |    71 ||   533
         Battleaxe         |       |       |       |    76 ||    76
 Invoke: Minor Destruction |       |       |    90 |   116 ||   206
    Use: Scroll            |     3 |     6 |    10 |     1 ||    20
         Potion            |       |       |     3 |     4 ||     7
 Armour: Scale mail        |    24 |       |       |       ||    24
         Plate armour      |    14 |    65 |   221 |    80 ||   380
  Dodge: Dodged            |    57 |    22 |    95 |    94 ||   268
  Block: Buckler           |    11 |       |       |       ||    11
